 Dungeon Crawl Stone Soup version 0.31-a0-1068-g5939ac1fb6 (webtiles) character file.

Game seed: 2217733856108984879

959 Baz the Trooper (level 8, 0/51 HPs)
             Began as a Gargoyle Fighter on Nov 24, 2023.
             Was a Follower of Uskayaw.
             Slain by a polar bear (3 damage)
             ... created by the rage of Trog
             ... on level 5 of the Dungeon.
             The game lasted 00:12:08 (3949 turns).

Baz the Trooper (Gargoyle Fighter)                  Turns: 3949, Time: 00:12:09

Health: 0/51       AC: 14    Str: 22    XL:     8   Next: 14%
Magic:  10/10      EV: 10    Int:  9    God:    Uskayaw [*.....]
Gold:   311        SH:  4    Dex:  9    Spells: 5/7 levels left

rFire   . . .        e - +11 Screaming Sword {sonic wave}
rCold   . . .        c - +0 buckler
rNeg    + . .        b - +0 scale mail
rPois   ∞            (no helmet)
rElec   +            (no cloak)
rCorr   .            j - +0 pair of gloves
SInv    .            (no boots)
Will    .....        h - amulet of regeneration Stlth
                     (no ring)
HPRegen 1.08/turn    (no ring)
MPRegen 0.12/turn

%: no passive effects
@: about to teleport
A: sickness immunity, AC +5, negative energy resistance 1, electricity
resistance, torment resistance 1, petrification resistance
a: Renounce Religion, Stomp


You were on level 5 of the Dungeon.
You worshipped Uskayaw.
Uskayaw was noncommittal.
You visited 2 branches of the dungeon, and saw 6 of its levels.

You collected 311 gold pieces.

Inventory:

Hand Weapons
 a - a +1 long sword
 e - the +11 Screaming Sword (weapon) {sonic wave}
   (You found it on level 4 of the Dungeon)
Missiles
 k - 3 boomerangs
Armour
 b - a +0 scale mail (worn)
 c - a +0 buckler (worn)
 j - a +0 pair of gloves (worn)
Jewellery
 h - an amulet of regeneration (around neck)
Wands
 m - a wand of acid (10)
 r - a wand of roots (7)
Scrolls
 q - a scroll of fear {unknown}
 s - a scroll of identify {unknown}
Potions
 d - 2 potions of might
 f - 2 potions of curing
 g - a potion of lignification {unknown}
 i - 2 potions of attraction {unknown}
 l - 2 potions of brilliance {unknown}
 o - 2 potions of degeneration {unknown}
 p - a potion of mutation {unknown}
 t - 2 potions of heal wounds {unknown}
 u - a potion of resistance {unknown}
 v - a potion of ambrosia {unknown}
 w - a potion of magic {unknown}


   Skills:
 + Level 5.7 Fighting
 * Level 4.7 Long Blades
 + Level 5.6 Armour
 - Level 1.3 Dodging
 - Level 4.9 Shields
 * Level 2.7 Invocations


You had 5 spell levels left.
You knew the following spells:

 Your Spells              Type           Power      Damage    Failure   Level
a - Wereblood             Tmut           0%         N/A       88%         2

Your spell library contained the following spells:

 Spells                   Type           Power      Damage    Failure   Level
 Apportation              Tloc           0%         N/A       77%         1
 Necrotise                Necr           0%         1d4       77%         1
 Summon Small Mammal      Summ           0%         N/A       77%         1
 Vampiric Draining        Necr           0%         2d6       98%         3
 Agony                    Necr           0%         N/A       100%        5
 Summon Hydra             Summ           0%         N/A       100%        7
 Sublimation of Blood     Necr           Unusable   N/A       N/A         2

Dungeon Overview and Level Annotations

Branches:
Dungeon (5/15) Zot: 25931  Temple (1/1) D:4 Zot: 5902

Altars:
Ashenzari
Cheibriados
Dithmenos
Fedhas
Gozag
Nemelex Xobeh
Okawaru
Qazlal
Sif Muna
Trog
Uskayaw
Wu Jian
Yredelemnul
The Shining One

Shops:
D:4 *


Innate Abilities, Weirdness & Mutations

You are immune to sickness and miasma.
Your stone body is resilient. (AC +5)
You are immune to poison.
You resist negative energy. (rN+)
You are resistant to electric shocks. (rElec)
You are resistant to unholy torment.
You are immune to petrification.


Message History

The centaur shoots an arrow.
The arrow closely misses you.
The arrow hits the black bear!
The centaur shoots an arrow.
The arrow closely misses you.
The arrow misses the black bear.
The centaur shoots an arrow.
The arrow barely misses you.
The arrow hits the black bear!
You block the polar bear's attack. x2
The polar bear claws you but does no damage.
Okay, then.
Okay, then.
Okay, then.
Okay, then.
You barely miss the polar bear. The black bear bites you.
The black bear claws you but does no damage. x2
The polar bear bites you!
The polar bear claws you but does no damage. x2
The polar bear barely misses you. You block the polar bear's attack. x2
The centaur shoots an arrow.
The arrow closely misses you.
The arrow misses the polar bear.
The polar bear bites you!
The polar bear claws you but does no damage. x2
The polar bear bites you. The polar bear barely misses you. x2
It was a potion of curing.
You feel better.
The centaur shoots an arrow.
You block the arrow. The polar bear completely misses you.
The polar bear closely misses you.
The polar bear claws you but does no damage.
The polar bear bites you but does no damage.
The polar bear misses you.
The polar bear claws you but does no damage.
The polar bear closely misses you.
The polar bear claws you but does no damage. x2
The centaur shoots an arrow.
The arrow barely misses you.
The arrow closely misses the polar bear.
Okay, then.
As you read the scroll of teleportation, it crumbles to dust.
You feel strangely unstable. The polar bear bites you!
* * * LOW HITPOINT WARNING * * *
The polar bear closely misses you.
The polar bear claws you but does no damage.
The polar bear bites you.
* * * LOW HITPOINT WARNING * * *
The polar bear closely misses you. The polar bear claws you.
You die...

#.....# ##[......##
##...####.........#
#.......'.......†.'
##...####.........#
#..## ##.......##
###.### ##.....##
#..h..# ##...##
##.hh#.# ##+##
#..h@..# ##...#.#
#....?# #....c..
#.#.#.... #.#.
....# #.## .#### .#


You could see 3 polar bears, a black bear (berserk) and a centaur.

Vanquished Creatures
  A black bear (D:4)
  An ogre (D:5)
  A centaur (D:5)
  4 scorpions
  A howler monkey (D:5)
  A jelly (D:5)
  3 hounds
  An iguana (D:5)
  An orc wizard (D:4)
  5 gnolls
  9 adders
  A white imp (D:3)
  3 worms
  A dart slug (D:3)
  11 orcs
  13 bats
  7 endoplasms
  9 goblins
  7 hobgoblins
  11 jackals
  3 quokkas (D:1)
  5 ball pythons
  4 frilled lizards
  11 kobolds
  3 rats (D:1)
117 creatures vanquished.

Notes
Turn   | Place    | Note
-------+----------+-------------------------------------------
     0 | D:1      | Baz the Gargoyle Fighter began the quest for the Orb.
     0 | D:1      | Reached XP level 1. HP: 14/14 MP: 1/1
    73 | D:1      | Reached XP level 2. HP: 18/19 MP: 2/2
   226 | D:1      | Reached XP level 3. HP: 16/23 MP: 3/3
  1365 | D:2      | Reached XP level 4. HP: 29/29 MP: 4/4
  1634 | D:3      | Reached XP level 5. HP: 33/33 MP: 5/5
  1711 | D:3      | Learned a level 2 spell: Wereblood
  1942 | D:3      | Found a bloodstained altar of Trog.
  1956 | D:3      | Became a worshipper of Trog the Wrathful
  1961 | D:3      | Found a shimmering blue altar of Sif Muna.
  2427 | D:4      | Found Yta Bus's General Store.
  2552 | D:4      | Noticed a black bear
  2588 | D:4      | Killed a black bear
  2589 | D:4      | Reached XP level 6. HP: 14/39 MP: 6/6
  2663 | D:4      | Identified the +5 flail of the Depths {drain, rC++ Dex+4}
  2789 | D:4      | Reached skill level 5 in Fighting
  2801 | D:4      | Reached skill level 5 in Armour
  2801 | D:4      | Reached XP level 7. HP: 36/44 MP: 7/7
  2890 | D:4      | Reached skill level 1 in Dodging
  2930 | D:4      | Found the +11 Singing Sword {sonic wave}
  3081 | D:4      | Fell from the grace of Trog
  3215 | D:4      | Found a staircase to the Ecumenical Temple.
  3224 | Temple   | Entered the Ecumenical Temple
  3293 | Temple   | Became a worshipper of Uskayaw the Reveller
  3357 | D:4      | Found a snail-covered altar of Cheibriados.
  3391 | D:5      | Entered Level 5 of the Dungeon
  3392 | D:5      | Reached * piety under Uskayaw
  3392 | D:5      | Reached ** piety under Uskayaw
  3394 | D:5      | Reached skill level 1 in Invocations
  3738 | D:5      | Reached XP level 8. HP: 51/51 MP: 9/9
  3945 | D:5      | Noticed a polar bear
  3945 | D:5      | Noticed a polar bear
  3945 | D:5      | Noticed a polar bear
  3949 | D:5      | Slain by a polar bear

Illustrated notes

Levels and vault maps discovered:
D:1:      zelgadis_glass_arrival_small, layout_loops_ring,
          serial_park_tiny_pond, hex_medium, minmay_octomino_j4
D:2:      layout_basic
D:3:      minmay_spotlight, layout_basic, nzn_overflow_gifts_of_might_and_magic
D:4:      old_forge, layout_cave_pools, mainiacjoe_overflow_boulevard,
          temple_hall, serial_shops, nicolae_stop_n_shop_1, chequers_big_river
D:5:      layout_loops_corners, roderic_roman_lattice,
          nicolae_concentric_dashed_squares_mild
Temple:   grunt_temple_mini_profane

Skill      XL: |  1  2  3  4  5  6  7 |
---------------+----------------------+-----
Long Blades    | 2 3 4 |  4.7
Fighting       | 4 5 |  5.7
Shields        | 4 |  4.9
Armour         | 4 5 |  5.6
Dodging        | 1 |  1.3
Invocations    | 2 |  2.7

Action                     |  1- 3 |  4- 6 |  7- 9 || total
---------------------------+-------+-------+-------++-------
  Melee: Long sword        |   164 |   319 |    93 ||   576
         Double sword      |       |       |    34 ||    34
 Invoke: Renounce Religion |       |       |     1 ||     1
    Use: Potion            |       |     1 |     1 ||     2
         Scroll            |       |       |     6 ||     6
 Armour: Scale mail        |   130 |   336 |   152 ||   618
  Dodge: Dodged            |   112 |   200 |   122 ||   434
  Block: Buckler           |    51 |    96 |    42 ||   189

Table legend: (Time is in decaauts)
 A = Elapsed time spent in this place.
 B = Non-inter-level travel time spent in this place.
 C = Inter-level travel time spent in this place.
 D = Time resting spent in this place.
 E = Time spent auto-exploring this place.
 F = Levels seen in this place.
 G = Mean time per level.
                   A        B        C        D        E       F      G
               +--------+--------+--------+--------+--------+-----+--------+
         Total |   4165 |   3900 |    265 |     26 |   2352 |   6 |  694.2 |
       Dungeon |   4067 |   3836 |    231 |     26 |   2352 |   5 |  813.4 |
        Temple |     97 |     63 |     34 |      0 |      0 |   1 |   97.0 |
               +--------+--------+--------+--------+--------+-----+--------+

Top non-repeatable levels by time:
     D:3: 1037 daAuts
     D:1: 978 daAuts
     D:4: 890 daAuts
     D:5: 591 daAuts
     D:2: 569 daAuts
  Temple: 97 daAuts
